 Dungeon Crawl Stone Soup version 0.21-a0-426-g98080a9 (webtiles) character file.

88 kae the Digger (level 4, -1/24 HPs)
             Began as a Gargoyle Earth Elementalist on Nov 5, 2017.
             Killed by divine providence
             ... invoked by an orc priest
              (13 damage)
             ... on level 3 of the Dungeon.
             The game lasted 00:02:32 (2077 turns).

kae the Digger (Gargoyle Earth Elementalist)        Turns: 2077, Time: 00:02:33

Health: -1/24      AC:  5    Str: 11    XL:     4   Next: 53%
Magic:  8/8        EV: 12    Int: 17    God:
Gold:   95         SH:  0    Dex: 10    Spells: 5/9 levels left

rFire    . . .     SeeInvis .   h - +0 short sword
rCold    . . .     Gourm    .   (no shield)
rNeg     + . .     Faith    .   c - +0 robe
rPois    ∞         Spirit   .   (no helmet)
rElec    +         Reflect  .   (no cloak)
rCorr    .         Harm     .   (no gloves)
MR       .....                  (no boots)
Stlth    ++........             (no amulet)
HPRegen  0.08/turn              (no ring)
MPRegen  0.11/turn              (no ring)

@: no status effects
A: negative energy resistance 1, electricity resistance, unbreathing,
petrification resistance, rot immunity, AC +3
a: no special abilities


You were on level 3 of the Dungeon.
You were not hungry.

You visited 1 branch of the dungeon, and saw 3 of its levels.

You collected 95 gold pieces.

Inventory:

Hand Weapons
 h - a +0 short sword (weapon)
Missiles
 b - 52 stones (quivered)
Armour
 c - a +0 robe (worn)
Scrolls
 f - 2 scrolls of remove curse {unknown}
 g - 5 scrolls of identify {unknown}
 i - a scroll of enchant armour {unknown}
 m - a scroll of amnesia {unknown}
 n - a scroll of blinking {unknown}
Potions
 j - a potion of curing
 o - a potion of magic {unknown}
 p - a potion of brilliance
 q - a potion of berserk rage {unknown}
Books
 e - a book of Geomancy

   Spells                             Type                      Level
   a - Sandblast                      Earth                        1
   b - Passwall                       Transmutation/Earth          2
   c - Stone Arrow                    Conjuration/Earth            3
   d - Petrify                        Transmutation/Earth          4
   e - Lee's Rapid Deconstruction     Earth                        5
Comestibles
 d - a bread ration
 k - a meat ration
 l - 3 fruits
 r - 3 chunks of flesh


   Skills:
 - Level 1.5 Dodging
 - Level 2.1 Stealth
 + Level 3.1 Spellcasting
 + Level 1.2 Conjurations
   Level 0.7 Transmutations
 + Level 4.9 Earth Magic


You had 5 spell levels left.
You knew the following spells:

 Your Spells              Type           Power        Failure   Level  Hunger
a - Sandblast             Erth           ###...       2%          1    None
b - Stone Arrow           Conj/Erth      ##....       14%         3    ###....


Dungeon Overview and Level Annotations

Branches:
Dungeon (3/15)

Altars:


Innate Abilities, Weirdness & Mutations

You are resistant to torment.
Your stone body is resilient. (AC +3)
You are immune to poison.
You resist negative energy. (rN+)
You are resistant to electric shocks. (rElec)
You can survive without breathing.
You are immune to petrification.
You are immune to rotting.


Message History

The orc is heavily wounded.
The orc hits you with a short sword.
You closely miss the orc.
The orc is heavily wounded.
The orc hits you with a short sword.
You barely miss the orc.
The orc is heavily wounded.
The orc misses you.
You barely miss the orc.
The orc is heavily wounded.
The orc closely misses you.
You barely miss the orc.
The orc is heavily wounded.
The orc hits you with a short sword.
The orc shouts!
The orc hits you with a hand axe. The orc hits you but does no damage.
The orc priest calls down the wrath of Beogh upon you.
Beogh smites you!
Ouch! That really hurt!
You die...

*≈≈≈,,,≈≈≈≈≈≈#...####...#,,,,,,,
*≈≈≈,,≈≈≈≈≈≈P≈.#...ooo#,*,,,,,,,
*≈≈≈,,,≈≈≈PPP♣###.#####,**,,,,,*
*≈≈≈,,,*≈≈≈≈≈* ##.####.###*,***
**≈≈≈,,≈≈P≈P≈* ##o.......,,,,,
*≈≈≈,,≈,≈≈≈≈≈* ##o#######.,,***
*≈≈≈,,,≈≈≈≈≈≈♣###o## **,*,**
**≈≈,,,≈≈≈**≈#.#o## **,***,*
*≈*≈≈,,≈≈♣#####@########*,** **,
**≈*≈,,**#...$.o........,** **
***≈,,,*#<###..########*,** **,
*≈≈,,,,,,* ##+#*********,***,*
***,,,**,***,,,**,,,,,,,*,*,**
******,**,≈,≈,****,**,**,***
*,**≈≈,≈≈****,**,,,,,,,
*,**≈≈_≈≈*,,*,**,,*****
*,**≈*∩*≈**,*,,,,,*


You could see an orc priest and 4 orcs.

Vanquished Creatures
  A hound skeleton (D:2)
  2 adders (D:2)
  An ooze (D:2)
  2 worms (D:2)
  2 dart slugs (D:1)
  5 giant cockroaches
  5 goblins
  3 hobgoblins
  2 jackals (D:1)
  7 bats
  3 frilled lizards
  6 kobolds
  6 rats
45 creatures vanquished.

Notes
Turn   | Place    | Note
-------+----------+-------------------------------------------
     0 | D:1      | kae the Gargoyle Earth Elementalist began the quest for the Orb.
     0 | D:1      | Reached XP level 1. HP: 10/10 MP: 3/3
   259 | D:1      | Reached skill level 4 in Earth Magic
   259 | D:1      | Reached XP level 2. HP: 15/15 MP: 5/5
   812 | D:1      | Reached XP level 3. HP: 5/19 MP: 2/6
  1310 | D:2      | Learned a level 3 spell: Stone Arrow
  1578 | D:2      | Reached XP level 4. HP: 24/24 MP: 8/8
  1614 | D:2      | Reached skill level 1 in Conjurations
  2077 | D:3      | Killed from afar by an orc priest

Vault maps used:
D:1:      dpeg_arrival_stone_temple_mockup, minmay_misc_feat_tower,
          minmay_misc_feat_plants
D:2:      serial_bayou_pond_b
D:3:      minmay_goblin_kobold_castle, makhleb_grotto_becter, fedhas_altar_1,
          old_standard_altar, lemuel_round_altar, portal_sewer_entry_d,
          serial_bayou, serial_bayou_lake_a, serial_bayou_ford_a,
          serial_bayou_lagoon_a, serial_bayou_pond_b

Skill      XL: |  1  2  3  4 |
---------------+-------------+-----
Earth Magic    | 4 |  4.9
Spellcasting   | 3 |  3.1
Conjurations   | 1 |  1.2
Dodging        | |  1.5
Stealth        | |  2.1
Transmutations | |  0.7

Action                   |  1- 3 |  4- 6 || total
-------------------------+-------+-------++-------
Melee: Unarmed           |    34 |       ||    34
       Short sword       |   115 |    50 ||   165
 Cast: Sandblast         |    12 |       ||    12
       Stone Arrow       |     2 |     2 ||     4
  Use: Potion            |     2 |       ||     2
       Scroll            |       |     1 ||     1
 Stab: Sleeping          |     4 |       ||     4
  Eat: Chunk             |     3 |     1 ||     4
Armor: Robe              |    76 |    26 ||   102
Dodge: Dodged            |   107 |    44 ||   151

Table legend:
 A = Spawn XP
 B = Non-spawn XP
 C = Spawn XP percentage of total XP
 D = Spawn monster count
 E = Non-spawn monster count
 F = Spawn count percentage of total count
 G = Total turns spent on level
                    A         B        C        D         E        F      G
               +---------+---------+-------+---------+---------+-------+---------
         Total |       0 |     126 |   0.0 |       0 |      45 |   0.0 |  2077
               +---------+---------+-------+---------+---------+-------+---------
           D:1 |       0 |      43 |   0.0 |       0 |      25 |   0.0 |  1300
           D:2 |       0 |      83 |   0.0 |       0 |      20 |   0.0 |   742
               +---------+---------+-------+---------+---------+-------+---------
